 Dungeon Crawl Stone Soup version 0.27-a0-1334-g2746e35aca (webtiles) character file.

Game seed: 12442405894553483326

257 Delamore the Sneak (level 6, -2/43 HPs)
             Began as an Octopode Brigand on June 26, 2021.
             Slain by an orc (5 damage)
             ... on level 3 of the Dungeon.
             The game lasted 00:01:58 (1895 turns).

Delamore the Sneak (Octopode Brigand)               Turns: 1895, Time: 00:01:58

Health: -2/43      AC:  1    Str: 10    XL:     6   Next: 16%
Magic:  6/6        EV: 12    Int: 14    God:
Gold:   135        SH:  0    Dex: 15    Spells: 5/5 levels left

rFire    . . .     SeeInvis .   n - +2 dagger (vamp)
rCold    . . .     Faith    .   (no shield)
rNeg     . . .     Spirit   .   (helmet restricted)
rPois    .         Reflect  .   (no amulet)
rElec    .         Harm     .   (no ring)
rCorr    .         Rampage  .   (no ring)
Will     .....                  (no ring)
Stlth    +++++.....             (no ring)
HPRegen  0.14/turn              (no ring)
MPRegen  0.10/turn              (no ring)
                                (no ring)
                                (no ring)

@: no status effects
A: almost no armour, amphibious, 8 rings, camouflage 1, gelatinous body 1,
(nimble swimmer 1), tentacles
a: no special abilities


You were on level 3 of the Dungeon.
You visited 1 branch of the dungeon, and saw 3 of its levels.

You collected 135 gold pieces.

Inventory:

Hand Weapons
 a - a +2 dagger
 n - a +2 vampiric dagger (weapon)
Missiles
 b - 8 poisoned darts (quivered)
 c - 6 curare-tipped darts
 r - 7 boomerangs
Wands
 q - a wand of flame (10)
Scrolls
 d - 3 scrolls of identify {unknown}
 e - 2 scrolls of noise {unknown}
 i - a scroll of summoning {unknown}
 j - 2 scrolls of teleportation {unknown}
 k - 5 scrolls of fear {unknown}
 o - a scroll of blinking {unknown}
Potions
 f - 2 potions of lignification {unknown}
 g - 2 potions of cancellation {unknown}
 h - a potion of haste {unknown}
 l - 3 potions of attraction {unknown}
 m - a potion of curing {unknown}
 p - a potion of invisibility {unknown}


   Skills:
 + Level 3.9 Fighting
 + Level 3.9 Short Blades
 - Level 2.0 Throwing
 - Level 1.0 Dodging
 + Level 7.2 Stealth


You had 5 spell levels left.
You didn't know any spells.
Your spell library contained the following spells:

 Spells                   Type           Power      Damage    Failure   Level
 Magic Dart               Conj           0%         1d3       28%         1
 Summon Small Mammal      Summ           0%         N/A       28%         1
 Call Imp                 Summ           0%         N/A       41%         2
 Searing Ray              Conj           0%         3d3       41%         2
 Call Canine Familiar     Summ           0%         N/A       65%         3
 Dazzling Flash           Conj/Hex       0%         N/A       65%         3
 Summon Guardian Golem    Hex/Summ       0%         N/A       65%         3
 Fulminant Prism          Conj/Hex       0%         3d6       96%         4
 Iskenderun's Mystic Bla  Conj/Tloc      0%         2d3       96%         4
 Summon Ice Beast         Ice/Summ       0%         N/A       96%         4
 Summon Lightning Spire   Summ/Air       0%         N/A       96%         4


Dungeon Overview and Level Annotations

Branches:
Dungeon (3/15)

Altars:
Vehumet


Innate Abilities, Weirdness & Mutations

You cannot wear most types of armour.
You are amphibious.
You can wear up to eight rings at the same time.
Your skin changes colour to match your surroundings (Stealth+).
Your rubbery body absorbs attacks. (AC +1, EV +1)
((You are camouflaged near water. (Stealth+)))
You have tentacles for arms and can constrict up to eight enemies at once.


Message History

You hit the orc priest.
The orc priest is severely wounded.
You constrict the orc priest. The orc priest hits you with a +0 club.
You hit the orc priest.
You kill the orc priest!
The orc wizard closely misses you.
You hit the orc wizard.
You feel better.
Your grab misses the orc wizard. Your squeeze misses the orc wizard.
The orc wizard is lightly wounded.
The orc wizard casts a spell at you. The puff of flame hits you!
You closely miss the orc wizard. You grab the orc wizard.
You squeeze the orc wizard.
The orc wizard is heavily wounded.
You constrict the orc wizard, but do no damage.
The orc hits you with a +0 short sword. The orc hits you with a +0 mace.
The orc wizard casts a spell at you. You resist with some effort.
You are too injured to fight recklessly!
You are too injured to fight recklessly!
You are too injured to fight recklessly!
You are too injured to fight recklessly!
You are too injured to fight recklessly!
You are too injured to fight recklessly!
You hit the orc wizard but do no damage.
The orc wizard is heavily wounded.
You constrict the orc wizard. The orc hits you with a +0 short sword.
* * * LOW HITPOINT WARNING * * *
The orc hits you with a +0 mace!
* * * LOW HITPOINT WARNING * * *
The orc wizard hits you with a +0 dagger.
* * * LOW HITPOINT WARNING * * *
You release your grip on the orc wizard.
You see here a +0 plate armour.
The orc wizard mumbles some strange words.
The orc wizard flickers and vanishes!
Deactivating autopickup; reactivate with Ctrl-A.
You closely miss the orc. Your grab misses the orc.
The orc hits you with a +0 short sword.
You die...

.............#
.............##
..............#
............#.#
............#...
............#
#.......
...........##
....... ...##.....##
#...... ###
#...@####..#......
#.###o....#.......
##.###.#####...$...
........{.{##).J....
###...####..o.......
#..# ####....... ###
#...... #...!. #####


You could see an orc.

Vanquished Creatures
  Sigmund (D:2)
  An orc priest (D:3)
  2 adders
  3 worms
  A dart slug (D:2)
  5 ball pythons
  4 endoplasms
  2 giant cockroaches
  7 goblins
  3 hobgoblins
  4 kobolds
  2 quokkas
  2 bats (D:1)
  10 rats
47 creatures vanquished.

Notes
Turn   | Place    | Note
-------+----------+-------------------------------------------
     0 | D:1      | Delamore the Octopode Brigand began the quest for the Orb.
     0 | D:1      | Reached XP level 1. HP: 14/14 MP: 1/1
   109 | D:1      | Found a faded altar of an unknown god.
   202 | D:1      | Reached XP level 2. HP: 19/19 MP: 2/2
   224 | D:1      | You fall into a shaft and drop 1 floor!
   230 | D:2      | Noticed Sigmund
   263 | D:2      | Killed Sigmund
   264 | D:2      | Reached skill level 6 in Stealth
   264 | D:2      | Reached XP level 3. HP: 26/26 MP: 3/3
   264 | D:2      | Reached XP level 4. HP: 31/31 MP: 4/4
   264 | D:2      | Reached XP level 5. HP: 36/36 MP: 5/5
   979 | D:2      | Reached skill level 7 in Stealth
  1666 | D:3      | Reached XP level 6. HP: 42/43 MP: 6/6
  1709 | D:3      | Found a radiant altar of Vehumet.
  1887 | D:3      | HP: 2/43 [orc wizard (2)]
  1895 | D:3      | Slain by an orc

Illustrated notes

Levels and vault maps discovered:
D:1:      dpeg_arrival_tiny_b, layout_basic, chequers_ecumenical_altar_twisty,
          roderic_malta_cross, roderic_cross_of_infinity,
          chequers_serial_rivers_marsh
D:2:      layout_basic, uniq_sigmund
D:3:      layout_rooms, demons_altar, lemuel_crystal_altar,
          lemuel_coloured_pillars_altar

Skill      XL: |  1  2  3  4  5 |
---------------+----------------+-----
Fighting       | 3 |  3.9
Short Blades   | 3 |  3.9
Stealth        | 6 7 |  7.2
Throwing       | |  2.0
Dodging        | |  1.0

Action                   |  1- 3 |  4- 6 || total
-------------------------+-------+-------++-------
Melee: Dagger            |    15 |    57 ||    72
       Tentacles         |     4 |     7 ||    11
       Constrict         |     2 |    15 ||    17
Throw: Dart              |       |     1 ||     1
 Stab: Sleeping          |     8 |    13 ||    21
Armor: Skin              |     2 |     3 ||     5
Dodge: Dodged            |     1 |    18 ||    19

Table legend: (Time is in decaauts)
 A = Elapsed time spent in this place.
 B = Non-inter-level travel time spent in this place.
 C = Inter-level travel time spent in this place.
 D = Time resting spent in this place.
 E = Time spent auto-exploring this place.
 F = Levels seen in this place.
 G = Mean time per level.
                   A        B        C        D        E       F      G
               +--------+--------+--------+--------+--------+-----+--------+
         Total |   1882 |   1820 |     62 |      0 |   1531 |   3 |  627.3 |
       Dungeon |   1882 |   1820 |     62 |      0 |   1531 |   3 |  627.3 |
               +--------+--------+--------+--------+--------+-----+--------+

Top non-repeatable levels by time:
     D:1: 804 daAuts
     D:2: 778 daAuts
     D:3: 299 daAuts
